 Dungeon Crawl Stone Soup version 0.31-a0-806-g0bc164a743 (webtiles) character file.

Game seed: 17894831111207923261

2520 javelincjr the Ruffian (level 9, 0/67 HPs)
             Began as a Human Shapeshifter on Sept 20, 2023.
             Was an Initiate of Qazlal.
             Slain by a yak (8 damage)
             ... on level 8 of the Dungeon.
             The game lasted 00:18:27 (5725 turns).

javelincjr the Ruffian (Human Shapeshifter)         Turns: 5725, Time: 00:18:27

Health: 0/67       AC: 13    Str: 17    XL:     9   Next: 83%
Magic:  11/11      EV:  8    Int:  9    God:    Qazlal [......]
Gold:   336        SH:  4    Dex: 14    Spells: 8/8 levels left

rFire   + . .        x - +7 hand axe of Reason {drain, Fragile Will+ rCorr Int+3}
rCold   + . .        v - +0 buckler
rNeg    . . .        C - +0 chain mail
rPois   .            E - +0 helmet
rElec   .            M - +0 cloak
rCorr   +            (no gloves)
SInv    .            I - +2 pair of boots
Will    ++...        S - amulet of the acrobat Stlth
                     F - ring of wizardry
HPRegen 0.31/turn    O - ring of New Discoveries {rF+ rC+ Will+ Int-5 Slay+3}
MPRegen 0.12/turn

%: acrobat, wizardry (x1)
@: no status effects
A: no striking features
a: Renounce Religion


You were on level 8 of the Dungeon.
You worshipped Qazlal.
Qazlal was noncommittal.
You visited 2 branches of the dungeon, and saw 9 of its levels.

You collected 336 gold pieces.

Inventory:

Hand Weapons
 f - a +1 mace of draining
 x - the +7 hand axe of Reason (weapon) {drain, Fragile Will+ rCorr Int+3}
   (You found it on level 2 of the Dungeon)

   Int+3:     It affects your intelligence (+3).
   Will+:     It increases your willpower.
   rCorr:     It protects you from acid and corrosion.
   Fragile:   It will be destroyed if unequipped.
 D - a +2 dagger of holy wrath
 L - a +4 quarterstaff of chaos
Missiles
 V - 5 curare-tipped darts
 X - 5 javelins
 Y - 5 boomerangs
Armour
 p - a +0 scale mail
 v - a +0 buckler (worn)
 C - a +0 chain mail (worn)
 E - a +0 helmet (worn)
 I - a +2 pair of boots (worn)
 M - a +0 cloak (worn)
Magical Staves
 s - a staff of cold
Jewellery
 F - a ring of wizardry (left hand)
 O - the ring of New Discoveries (right hand) {rF+ rC+ Will+ Int-5 Slay+3}
   (You found it on level 5 of the Dungeon)

   [ring of willpower]

   Int-5:     It affects your intelligence (-5).
   Slay+3:    It affects your accuracy & damage with ranged weapons and melee
   (+3).
   rF+:       It protects you from fire.
   rC+:       It protects you from cold.
   Will+:     It increases your willpower.
 S - an amulet of the acrobat (around neck)
Talismans
 c - a beast talisman
 d - a flux talisman
 m - a granite talisman
 Q - a storm talisman
Wands
 R - a wand of polymorph (6)
 U - a wand of paralysis (10)
Scrolls
 e - 4 scrolls of identify {unknown}
 i - 3 scrolls of noise {unknown}
 j - a scroll of revelation {unknown}
 l - a scroll of blinking {unknown}
 o - 2 scrolls of enchant armour {unknown}
 q - 3 scrolls of amnesia {unknown}
 r - a scroll of enchant weapon {unknown}
 u - 2 scrolls of teleportation {unknown}
 y - a scroll of fog {unknown}
 B - a scroll of brand weapon {unknown}
 G - a scroll of immolation {unknown}
 H - 2 scrolls of fear {unknown}
 K - a scroll of silence {unknown}
 P - 2 scrolls of torment {unknown}
 Z - a scroll of vulnerability {unknown}
Potions
 b - 2 potions of lignification
 g - 6 potions of heal wounds {unknown}
 h - a potion of ambrosia {unknown}
 k - a potion of berserk rage {unknown}
 t - 2 potions of invisibility {unknown}
 w - 2 potions of brilliance {unknown}
 z - 5 potions of curing {unknown}
 A - 2 potions of mutation {unknown}
 J - a potion of degeneration {unknown}
 N - a potion of might {unknown}
 T - 2 potions of resistance {unknown}
 W - 2 potions of haste {unknown}


   Skills:
 + Level 4.9 Fighting
 + Level 5.2 Dodging
 * Level 7.7 Unarmed Combat
 + Level 3.4 Invocations
 * Level 7.0 Shapeshifting


You had 8 spell levels left.
You didn't know any spells.
Your spell library contained the following spells:

 Spells                   Type           Power      Damage    Failure   Level
 Slow                     Hex            0%         N/A       93%         1
 Blink                    Tloc           0%         N/A       98%         2
 Lesser Beckoning         Tloc           0%         N/A       98%         2
 Momentum Strike          Conj/Tloc      0%         3d8       98%         2
 Confusing Touch          Hex            0%         N/A       100%        3
 Hailstorm                Conj/Ice       0%         3d3       100%        3
 Sigil of Binding         Hex            0%         N/A       100%        3
 Vampiric Draining        Necr           0%         2d6       100%        3
 Summon Ice Beast         Ice/Summ       0%         N/A       100%        4
 Simulacrum               Ice/Necr       0%         N/A       100%        6


Dungeon Overview and Level Annotations

Branches:
Dungeon (8/15)             Temple (1/1) D:5
   Lair: D:8-11

Altars:
Ashenzari
Dithmenos
Elyvilon
Fedhas
Gozag
Hepliaklqana
Kikubaaqudgha
Makhleb
Nemelex Xobeh
Okawaru
Qazlal
Ru
Trog
Vehumet
Wu Jian
Xom
Zin
The Shining One


Message History

You hit the yak but do no damage. You drain the yak.
The yak is lightly wounded.
The yak gores you but does no damage.
You barely miss the yak. You block the yak's attack.
You hit the yak. You drain the yak.
The yak is moderately wounded.
The yak seems less drained.
The yak gores you.
You slash the yak! You drain the yak.
The yak is severely wounded.
The yak barely misses you. The yak gores you but does no damage.
You completely miss the yak.
The yak is heavily wounded.
The yak gores you but does no damage.
You slash the yak! You drain the yak.
The yak is almost dead.
You slash the yak! You drain the yak.
The yak is severely wounded.
The yak seems less drained.
The yak gores you.
You hit the yak. You drain the yak.
You kill the yak!
Qazlal accepts your kill. The yak misses you.
You see here a yak corpse.
You slash the yak!
You kill the yak!
Qazlal accepts your kill. The yak barely misses you.
Your Shapeshifting skill increases to level 7!
You completely miss the yak.
The yak is lightly wounded.
The yak gores you!
* * * LOW HITPOINT WARNING * * *
You hit the yak.
The yak is lightly wounded.
The yak gores you!
* * * LOW HITPOINT WARNING * * *
You hit the yak. You drain the yak.
The yak is moderately wounded.
The yak gores you but does no damage. The yak gores you!
You die...

... #.# #.# . # #.. ..
### #.# ... ... #.# ....
#############.# .....
#>............####......
#.##..###.....>.@YY.#
#.##.....#.########.#
#.##.....#.#
...#.#.###.#
#..........#
....#..##### .......#
......... .......###


You could see 2 yaks.

Vanquished Creatures
  4 yaks (D:8)
  A water moccasin (D:7)
  A sky beast (D:7)
  An orc warrior (D:7)
  4 ice beasts
  An ogre (D:4)
  3 centaurs
  A phantom (D:7)
  A bullfrog (D:7)
  3 scorpions
  2 howler monkeys (D:7)
  5 hounds
  2 jellies (D:5)
  Crazy Yiuf (D:4)
  2 iguanas
  4 orc wizards
  Robin (D:4)
  3 gnolls (D:5)
  5 adders
  3 white imps (D:7)
  An ufetubus (D:5)
  4 worms
  3 dart slugs (D:2)
  10 orcs
  5 bats
  6 endoplasms
  2 giant cockroaches (D:2)
  10 goblins
  11 hobgoblins
  2 jackals (D:2)
  2 quokkas
  2 ball pythons
  4 frilled lizards
  5 kobolds
  7 rats
122 creatures vanquished.

Notes
Turn   | Place    | Note
-------+----------+-------------------------------------------
     0 | D:1      | javelincjr the Human Shapeshifter began the quest for the
                  | Orb.
     0 | D:1      | Reached XP level 1. HP: 15/15 MP: 1/1
   306 | D:1      | Reached XP level 2. HP: 21/21 MP: 2/2
  1153 | D:2      | Identified the +7 hand axe of Reason {drain, Fragile Will+
                  | rCorr Int+3}
  1238 | D:2      | Reached XP level 3. HP: 26/26 MP: 3/3
  1798 | D:3      | Reached XP level 4. HP: 32/32 MP: 4/4
  2103 | D:3      | Reached XP level 5. HP: 38/38 MP: 5/5
  2445 | D:4      | Noticed Robin
  2456 | D:4      | Killed Robin
  2628 | D:4      | Found an ancient bone altar of Kikubaaqudgha.
  2690 | D:4      | Reached XP level 6. HP: 40/45 MP: 6/6
  2810 | D:4      | Noticed an ogre
  2818 | D:4      | Killed an ogre
  2962 | D:4      | Found a runed translucent door.
  2963 | D:4      | Noticed Crazy Yiuf
  2970 | D:4      | Killed Crazy Yiuf
  3181 | D:4      | Reached skill level 5 in Unarmed Combat
  3181 | D:4      | Reached XP level 7. HP: 51/51 MP: 7/7
  3303 | D:5      | Entered Level 5 of the Dungeon
  3520 | D:5      | Reached skill level 5 in Shapeshifting
  3555 | D:5      | Identified the ring of New Discoveries {rF+ rC+ Will+ Int-5
                  | Slay+3}
  3592 | D:5      | Found a staircase to the Ecumenical Temple.
  3599 | Temple   | Entered the Ecumenical Temple
  3609 | Temple   | Became a worshipper of Qazlal Stormbringer
  3811 | D:5      | Reached XP level 8. HP: 44/58 MP: 8/8
  4281 | D:6      | Found an ornate altar of the Wu Jian Council.
  4465 | D:6      | Reached skill level 1 in Invocations
  5245 | D:7      | Reached XP level 9. HP: 45/65 MP: 10/10
  5705 | D:8      | Reached skill level 5 in Dodging
  5725 | D:8      | Slain by a yak

Illustrated notes

Levels and vault maps discovered:
D:1:      dpeg_arrival_refuge, layout_basic, minmay_misc_feat_cross,
          minmay_tetromino_o2
D:2:      minmay_chambers_of_twos, layout_basic, hangedman_glass_teeth,
          nicolae_the_louvre
D:3:      layout_rooms, serial_bayou_ford_a
D:4:      layout_loops_ring, kennysheep_mini_moat, uniq_robin,
          uniq_crazy_yiuf_cottage
D:5:      minmay_skewed_foursquare, layout_loops_ring, temple_green
D:6:      layout_gridville, nicolae_wu_jian_wuxing_cycle
D:7:      layout_gridville
D:8:      layout_basic, kennysheep_slug_shrine
Temple:   nicolae_temple_elliptical

Skill      XL: |  1  2  3  4  5  6  7  8  9 |
---------------+----------------------------+-----
Unarmed Combat | 4 5 6 7 |  7.7
Fighting       | 2 3 4 |  4.9
Dodging        | 3 4 5 |  5.2
Shapeshifting  | 4 5 6 7 |  7.0
Invocations    | 1 3 |  3.4

Action                     |  1- 3 |  4- 6 |  7- 9 || total
---------------------------+-------+-------+-------++-------
  Melee: Mace              |    37 |       |       ||    37
         Hand axe          |    25 |    88 |   147 ||   260
Ability: Begin Untransform |       |     1 |       ||     1
 Armour: Animal skin       |     5 |       |       ||     5
         Ring mail         |    13 |       |       ||    13
         Scale mail        |    27 |    17 |       ||    44
         Chain mail        |       |    34 |   156 ||   190
  Dodge: Dodged            |    25 |    23 |    71 ||   119
  Block: Buckler           |     4 |    16 |    24 ||    44

Table legend: (Time is in decaauts)
 A = Elapsed time spent in this place.
 B = Non-inter-level travel time spent in this place.
 C = Inter-level travel time spent in this place.
 D = Time resting spent in this place.
 E = Time spent auto-exploring this place.
 F = Levels seen in this place.
 G = Mean time per level.
                   A        B        C        D        E       F      G
               +--------+--------+--------+--------+--------+-----+--------+
         Total |   5834 |   5490 |    344 |      0 |   4534 |   9 |  648.2 |
       Dungeon |   5813 |   5469 |    344 |      0 |   4534 |   8 |  726.6 |
        Temple |     20 |     20 |      0 |      0 |      0 |   1 |   20.0 |
               +--------+--------+--------+--------+--------+-----+--------+

Top non-repeatable levels by time:
     D:1: 963 daAuts
     D:6: 957 daAuts
     D:4: 902 daAuts
     D:2: 851 daAuts
     D:5: 848 daAuts
     D:3: 645 daAuts
     D:7: 548 daAuts
     D:8: 95 daAuts
  Temple: 20 daAuts
